 Dungeon Crawl Stone Soup version 0.29.0-13-gc9e81de378 (webtiles) character file.

Game seed: 14152104537218008256

114 thalacas the Sneak (level 4, -8/29 HPs)
             Began as an Octopode Brigand on Sept 9, 2022.
             Was a Believer of Trog.
             Mangled by a killer bee (10 damage)
             ... on level 4 of the Dungeon.
             The game lasted 00:04:25 (2576 turns).

thalacas the Sneak (Octopode Brigand)               Turns: 2576, Time: 00:04:25

Health: -8/29      AC:  1    Str: 12    XL:     4   Next: 98%
Magic:  4/4        EV: 13    Int: 13    God:    Trog [**....]
Gold:   63         SH:  0    Dex: 13    Spells: 3/3 levels left

rFire   + + .      SeeInvis .   a - +2 dagger
rCold   . . .      Faith    .   (no shield)
rNeg    . . .      Spirit   .   (helmet restricted)
rPois   .          Reflect  .   (no amulet)
rElec   .          Harm     .   f - ring of protection from fire
rCorr   .          Rampage  .   q - ring of protection from fire
Will    .....                   (no ring)
Stlth   +++++.....              (no ring)
HPRegen 0.09/turn               (no ring)
MPRegen 0.09/turn               (no ring)
                                (no ring)
                                (no ring)

@: lethally poisoned (-8 -> -12)
A: almost no armour, amphibious, 8 rings, camouflage 1, gelatinous body 1,
(nimble swimmer 1), tentacles
a: Renounce Religion, Berserk, Trog's Hand


You were on level 4 of the Dungeon.
You worshipped Trog.
Trog was pleased with you.
You visited 1 branch of the dungeon, and saw 4 of its levels.

You collected 63 gold pieces.

Inventory:

Hand Weapons
 a - a +2 dagger (weapon)
Missiles
 b - 9 poisoned darts (quivered)
 c - 3 curare-tipped darts
Jewellery
 f - a ring of protection from fire (left tentacle)
 q - a ring of protection from fire (right tentacle)
Wands
 r - a wand of charming (6)
Scrolls
 d - 2 scrolls of teleportation
 h - a scroll of fear
Potions
 g - 4 potions of curing {unknown}
 k - a potion of resistance {unknown}
 l - a potion of invisibility {unknown}
 m - a potion of ambrosia {unknown}
 o - 3 potions of heal wounds


   Skills:
 + Level 2.2 Fighting
 + Level 2.7 Short Blades
 + Level 2.3 Throwing
 + Level 1.2 Dodging
 + Level 7.5 Stealth


You had 3 spell levels left.
You didn't know any spells.
Your spell library was empty.

Dungeon Overview and Level Annotations

Branches:
Dungeon (4/15)
 Temple: D:4-7

Altars:
Trog

Annotations:
D:3 Grinder


Innate Abilities, Weirdness & Mutations

You cannot wear most types of armour.
You are amphibious.
You can wear up to eight rings at the same time.
Your skin changes colour to match your surroundings (Stealth+).
Your rubbery body absorbs attacks. (AC +1, EV +1)
((You are camouflaged when in or above water. (Stealth+)))
You have tentacles for arms and can constrict up to eight enemies at once.


Message History

o - 3 potions of heal wounds Unknown command.
As you read the scroll of identify, it crumbles to dust.
p - a potion of mutation Your surroundings suddenly seem different.
You drop a potion of mutation.
As you read the scroll labelled NEICAYH WAMPEX, it crumbles to dust.
You assume a fearsome visage.
Nothing appears to happen.
It was a scroll of fear.
As you read the scroll labelled OCKIGOMNULY, it crumbles to dust.
It is a scroll of amnesia.
You feel forgetful for a moment.
As you read the scroll labelled MUNAAG HENENO, it crumbles to dust.
Wisps of shadow whirl around you...
It was a scroll of summoning.
Unknown command.
You drop a scroll of amnesia.
Blink to where?
Press: ? - help, Dir - move target 4 killer bees come into view.
As you read the scroll labelled QYM XUC ETWA, it crumbles to dust.
It was a scroll of blinking.
The killer bee buzzes angrily. x3; You hear an angry buzzing noise.
The killer bee moves out of view.
The killer bee buzzes angrily.
A killer bee comes into view.
The killer bee stings you.
You are poisoned.
The killer bee poisons you! The killer bee stings you.
The killer bee closely misses you.
The killer bee attacks as you move away!
The killer bee stings you.
You feel sick. The killer bee barely misses you. x2
The killer bee attacks as you move away!
The killer bee stings you.
You feel sick. The killer bee stings you!
* * * LOW HITPOINT WARNING * * *
The killer bee closely misses you.
The killer bee attacks as you move away!
The killer bee completely misses you.
Found a stone staircase leading down.
* * * LOW HITPOINT WARNING * * *
You feel sick. The killer bee stings you!
You die...

##....g##
#..y....##
#l...#
#..###
##..#
..###..y#
......yy#
.......y##
..####.y@#
# ###.#
#.. #.##
#.# #.#
#.# #>#


You could see 5 killer bees and a friendly iguana (summoned).

Vanquished Creatures
  Terence (D:2)
  3 adders (D:2)
  A worm (D:2)
  2 dart slugs (D:1)
  4 ball pythons
  7 endoplasms
  2 giant cockroaches (D:1)
  2 goblins
  6 hobgoblins
  3 jackals (D:2)
  2 quokkas
  5 bats
  3 frilled lizards
  8 kobolds
  5 rats
54 creatures vanquished.

Vanquished Creatures (others)
  13 plants (D:2)
13 creatures vanquished.

Grand Total: 67 creatures vanquished

Notes
Turn   | Place    | Note
-------+----------+-------------------------------------------
     0 | D:1      | thalacas the Octopode Brigand began the quest for the Orb.
     0 | D:1      | Reached XP level 1. HP: 14/14 MP: 1/1
    51 | D:1      | Reached XP level 2. HP: 12/19 MP: 2/2
   197 | D:1      | Reached skill level 6 in Stealth
   275 | D:1      | Found a faded altar of an unknown god.
   282 | D:1      | Prayed at the altar of an unknown god.
   282 | D:1      | Became a worshipper of Trog the Wrathful
   282 | D:1      | Reached * piety under Trog
   737 | D:1      | Reached XP level 3. HP: 24/24 MP: 3/3
  1158 | D:2      | Reached ** piety under Trog
  1574 | D:2      | Reached skill level 7 in Stealth
  1574 | D:2      | Reached XP level 4. HP: 29/29 MP: 4/4
  1594 | D:2      | Noticed Terence
  1605 | D:2      | Killed Terence
  2417 | D:3      | Noticed Grinder
  2576 | D:4      | Mangled by a killer bee

Illustrated notes

Levels and vault maps discovered:
D:1:      minmay_arrival_open_corners, layout_basic,
          hellmonk_ecumenical_altar_slurped_away
D:2:      layout_basic, serial_forest, infiniplex_forest_side_room,
          infiniplex_forest_end_2, infiniplex_forest_clump_diagonal,
          infiniplex_forest_clump_diagonal, infiniplex_forest_clump_large,
          infiniplex_forest_end_1, infiniplex_forest_split,
          infiniplex_forest_lined_room_, infiniplex_forest_clump_cross,
          infiniplex_forest_clump_cross, st_stairs_5, minmay_small_reverse_x,
          uniq_terence
D:3:      kennysheep_big_flooded_room, layout_loops_ring, serial_glass,
          glass_columns_c, glass_columns_b, glass_columns_c, glass_columns_a,
          glass_columns_b, glass_columns_b, item_on_display_a, uniq_sigmund,
          uniq_grinder
D:4:      layout_layer_cave, cheibrodos_sewer_entry_bend

Skill      XL: |  1  2  3 |
---------------+----------+-----
Stealth        | 6 7 |  7.5
Fighting       | |  2.2
Short Blades   | |  2.7
Throwing       | |  2.3
Dodging        | |  1.2

Action                   |  1- 3 |  4- 6 || total
-------------------------+-------+-------++-------
Melee: Dagger            |    60 |    23 ||    83
       Constrict         |    11 |     5 ||    16
       Tentacles         |    11 |     7 ||    18
Throw: Dart              |     6 |     2 ||     8
  Use: Scroll            |       |     7 ||     7
 Stab: Sleeping          |    16 |     4 ||    20
Armor: Skin              |     4 |     1 ||     5
Dodge: Dodged            |    25 |    13 ||    38
